AoeStats
← RegularPeruvian

Arabia

509675325Analyzed
1v1 RM · 5d ago on Sep 27, 2026· 71m 7s· 2 players
Game mode
Random Map
Map size
Tiny (2 player)
Population
200
Speed
Normal
Resources
Standard
Victory
Conquest
Starting age
Dark Age
Ending age
Imperial Age
RankedLock teamsTeams togetherTeam positionsShared explorationLock speedFull tech treeHidden civsTurbo modeCheats
Victory
Defeat
🇨🇭 Mongols · Switzerland
907
+15
🇵🇪 Celts · Peru
879
-15
RegularPeruvian
4:55 Loom
11:04 Feudal Age
11:41 Man-at-Arms
18:05 Fletching
20:41 Double-Bit Axe
21:16 Gold Mining
23:42 Scale Barding Armor
23:52 Forging
30:02 Castle Age
30:59 Scale Mail Armor
31:35 Iron Casting
31:32 Horse Collar
34:01 Chain Mail Armor
35:23 Pikeman
40:57 Heavy Plow
41:15 Bodkin Arrow
41:42 Stronghold
47:02 Imperial Age
46:41 Chain Barding Armor
54:25 Bow Saw
53:43 Elite Skirmisher
54:56 Elite Woad Raider
56:28 Padded Archer Armor
58:14 Ballistics
58:56 Chemistry
60:02 Guilds
63:23 Leather Archer Armor
64:22 Gold Shaft Mining
63:54 Halberdier
66:12 Gambesons
69:18 Blast Furnace
69:00 Wheelbarrow
69:35 Ring Archer Armor
69:59 Murder Holes
71:12 Sanctity
71:08 Fervor
KingKayP85
5:54 Loom
8:43 Feudal Age
16:58 Horse Collar
19:30 Wheelbarrow
19:59 Double-Bit Axe
23:04 Town Watch
27:01 Castle Age
26:23 Bloodlines
27:15 Forging
28:23 Husbandry
27:43 Light Cavalry
33:52 Scale Barding Armor
39:21 Hand Cart
42:42 Imperial Age
40:58 Nomads
42:50 Bow Saw
42:47 Heavy Plow
43:28 Town Patrol
43:57 Conscription
45:38 Elite Mangudai
49:35 Hussar
52:30 Fletching
52:41 Padded Archer Armor
55:35 Ballistics
59:53 Bodkin Arrow
60:14 Leather Archer Armor
60:34 Iron Casting
60:20 Chain Barding Armor
61:35 Thumb Ring
61:56 Parthian Tactics
62:17 Gold Mining
62:18 Stone Mining
63:49 Bracer
64:49 Blast Furnace
Connection lost

Rejoining the realm…

Still unreachable

The connection could not be restored.

Session expired

The server has moved on; the page needs a fresh start.